 Dungeon Crawl Stone Soup version 0.21.1-1-g345015f (webtiles) character file.

389 Falco the Poker (level 6, -3/48 HPs)
             Began as a Merfolk Gladiator on May 10, 2018.
             Was a Follower of Makhleb.
             Slain by a worker ant (6 damage)
             ... on level 5 of the Dungeon.
             The game lasted 00:13:36 (3363 turns).

Falco the Poker (Merfolk Gladiator)                 Turns: 3363, Time: 00:13:36

Health: -3/48      AC:  4    Str: 21    XL:     6   Next: 79%
Magic:  6/6        EV: 21    Int: 12    God:    Makhleb [*.....]
Gold:   124        SH:  0    Dex: 21    Spells: 5/5 levels left

rFire    + . .     SeeInvis .   a - +0 trident
rCold    + . .     Gourm    .   (no shield)
rNeg     . . .     Faith    .   b - +0 leather armour
rPois    +         Spirit   .   c - +0 helmet
rElec    +         Reflect  .   (no cloak)
rCorr    +         Harm     .   (no gloves)
MR       .....                  (no boots)
Stlth    +++.......             (no amulet)
HPRegen  0.16/turn              (no ring)
MPRegen  0.10/turn              (no ring)

@: mighty, brilliant, agile, lethally poisoned (-3 -> -10), resistant, hasted,
very quick
A: change form in water, swift swim, stealthy swim
a: Renounce Religion


You were on level 5 of the Dungeon.
You worshipped Makhleb.
Makhleb was aware of your devotion.
You were not hungry.

You visited 1 branch of the dungeon, and saw 5 of its levels.

You collected 124 gold pieces.

Inventory:

Hand Weapons
 a - a +0 trident (weapon)
 h - a +0 dagger of speed
Missiles
 d - 5 throwing nets (quivered)
Armour
 b - a +0 leather armour (worn)
 c - a +0 helmet (worn)
Wands
 k - a wand of clouds (6)
 o - a wand of flame (90)
Scrolls
 g - 2 scrolls of teleportation
 j - a scroll of enchant armour {unknown}
 l - 2 scrolls of remove curse
 m - a scroll of amnesia {unknown}
 n - 2 scrolls of blinking {unknown}
 s - a scroll of enchant weapon {unknown}
 x - a scroll of fear {unknown}
Potions
 q - 2 potions of magic
 w - a potion of heal wounds {unknown}
Books
 r - a book of Cantrips

   Spells                             Type                      Level
   a - Confusing Touch                Hexes                        1
   b - Animate Skeleton               Necromancy                   1
   c - Summon Small Mammal            Summoning                    1
   d - Apportation                    Translocation                1
Comestibles
 f - 6 rations


   Skills:
 + Level 3.6 Fighting
 + Level 7.3 Polearms
 + Level 2.1 Throwing
 + Level 2.1 Armour
 + Level 5.4 Dodging
 + Level 1.3 Stealth


You had 5 spell levels left.
You didn't know any spells.

Dungeon Overview and Level Annotations

Branches:
Dungeon (5/15)
 Temple: D:4-7

Altars:
Gozag
Hepliaklqana
Makhleb

Annotations:
D:4 Morgon's ghost, novice DrMo


Message History

* * * LOW HITPOINT WARNING * * *
You feel sick.
It was a potion of haste.
You feel yourself speed up.
* * * LOW HITPOINT WARNING * * *
You feel sick.
The orc shouts!
It was a potion of brilliance.
You feel clever all of a sudden.
It was a potion of might.
You feel very mighty all of a sudden.
* * * LOW HITPOINT WARNING * * *
You feel sick.
It was a potion of agility.
You feel agile all of a sudden. The orc closely misses you.
It was a potion of resistance.
You feel protected.
* * * LOW HITPOINT WARNING * * *
You feel sick. The worker ant bites you.
You die...

####.#####.#.# #. #....#
#.#.# .#####. #.####
#.#.# .......####†#
#.#.# .........##a#
#.#.# ....<....##l#
#.#.#
.........##.########.#.#
......o..##5......##.#.#
#..o@.##.......##.#.#
......a..##.......##.#..
.....$...##.......##.###
.........##....)..##....
.........##.......######
.##########.......#
#.......# #.......#


You could see a worker ant and 2 orcs.

Vanquished Creatures
  A hound (D:4)
  2 iguanas (D:5)
  Natasha (thrice) (D:2)
  A worker ant (D:4)
  7 gnolls (D:2)
  3 adders
  An ooze (D:1)
  2 dart slugs
  2 worms
  4 leopard geckos
  7 orcs
  6 bats
  6 giant cockroaches
  9 hobgoblins
  9 jackals
  7 kobolds
  A quokka (D:1)
  2 ball pythons
  4 frilled lizards
  10 goblins
  10 rats
97 creatures vanquished.

Notes
Turn   | Place    | Note
-------+----------+-------------------------------------------
     0 | D:1      | Falco the Merfolk Gladiator began the quest for the Orb.
     0 | D:1      | Reached XP level 1. HP: 16/16 MP: 1/1
    67 | D:1      | Reached skill level 5 in Polearms
    67 | D:1      | Reached XP level 2. HP: 23/23 MP: 2/2
   207 | D:1      | Reached XP level 3. HP: 23/28 MP: 3/3
   810 | D:2      | Noticed Natasha
   817 | D:2      | Killed Natasha
   817 | D:2      | Reached XP level 4. HP: 22/34 MP: 4/4
   839 | D:2      | Found a burning altar of Makhleb.
   841 | D:2      | Found an opulent altar of Gozag.
   847 | D:2      | Became a worshipper of Makhleb the Destroyer
   884 | D:2      | Reached skill level 6 in Polearms
   934 | D:2      | Reached skill level 1 in Armour
   938 | D:2      | Reached skill level 5 in Dodging
   938 | D:2      | Reached XP level 5. HP: 10/39 MP: 5/5
  1240 | D:2      | Noticed Natasha
  1252 | D:2      | Killed Natasha
  1299 | D:2      | Noticed Natasha
  1304 | D:2      | Killed Natasha
  1487 | D:2      | Found a hazy altar of Hepliaklqana.
  1717 | D:3      | Reached XP level 6. HP: 47/47 MP: 6/6
  1956 | D:3      | Reached * piety under Makhleb
  1991 | D:3      | Reached skill level 1 in Stealth
  2476 | D:4      | Reached skill level 7 in Polearms
  2732 | D:4      | Noticed Morgon's ghost (novice DrMo)
  3143 | D:5      | Entered Level 5 of the Dungeon
  3329 | D:5      | Noticed a phantom
  3363 | D:5      | Slain by a worker ant

Skill      XL: |  1  2  3  4  5  6 |
---------------+-------------------+-----
Polearms       | 5 6 7 |  7.3
Armour         | 1 2 |  2.1
Dodging        | 5 |  5.4
Fighting       | 3 |  3.6
Stealth        | 1 |  1.3
Throwing       | |  2.1

Action                   |  1- 3 |  4- 6 || total
-------------------------+-------+-------++-------
Melee: Trident           |    92 |   257 ||   349
Throw: Throwing net      |       |     1 ||     1
  Use: Potion            |       |     9 ||     9
       Scroll            |       |     4 ||     4
 Stab: Sleeping          |       |     6 ||     6
  Eat: Ration            |       |     3 ||     3
Armor: Leather armour    |    19 |    38 ||    57
Dodge: Dodged            |    60 |   171 ||   231
